 Dungeon Crawl Stone Soup version 0.18.1-48-g4cf74bf (webtiles) character file.

145 Heedrag the Conjurer (level 5, -10/28 HPs)
             Began as a Deep Elf Conjurer on Aug 5, 2016.
             Mangled by dearth's ghost (18 damage)
             ... on level 4 of the Dungeon.
             The game lasted 00:06:00 (2060 turns).

Heedrag the Conjurer (Deep Elf Conjurer)            Turns: 2060, Time: 00:06:01

Health: -10/28     AC:  2    Str:  6    XL:     5   Next: 6%
Magic:  14/14      EV: 13    Int: 20    God:
Gold:   154        SH:  0    Dex: 15    Spells: 3 memorised, 5 levels left

rFire  . . .     SeeInvis .     k - +0 dagger
rCold  . . .     Gourm    .     a - +0 robe
rNeg   . . .     Faith    .     (no shield)
rPois  .         Spirit   .     (no helmet)
rElec  .         Dismiss  .     (no cloak)
rCorr  .         Reflect  .     (no gloves)
SustAt .         Harm     .     (no boots)
MR     .....                    (no amulet)
Stlth  ++........               (no ring)
                                (no ring)

@: not resistant to hostile enchantments, unstealthy
A: no striking features
a: no special abilities


You were on level 4 of the Dungeon.
You were not hungry.

You visited 1 branch of the dungeon, and saw 4 of its levels.

You collected 154 gold pieces.

Inventory:

Hand Weapons
 k - a +0 dagger (weapon)
Armour
 a - a +0 robe (worn)
Scrolls
 d - 3 scrolls of identify {unknown}
 g - a scroll of fear {unknown}
 h - a scroll of remove curse {unknown}
Potions
 e - a potion of brilliance {unknown}
 j - a potion of heal wounds {unknown}
 n - a potion of ambrosia {unknown}
 o - a potion of flight {unknown}
Books
 b - a book of Conjurations

   Spells                             Type                      Level
   a - Magic Dart                     Conjuration                  1
   b - Searing Ray                    Conjuration                  2
   c - Dazzling Spray                 Conjuration/Hexes            3
   d - Fulminant Prism                Conjuration/Hexes            4
   e - Iskenderun's Mystic Blast      Conjuration                  4
   f - Iskenderun's Battlesphere      Conjuration/Charms           5
Comestibles
 c - 2 bread rations
 f - 11 fruits
 i - 2 meat rations
 l - a slice of pizza
 m - a beef jerky


   Skills:
 - Level 2.4 Dodging
 - Level 2.4 Stealth
 + Level 4.7 Spellcasting
 * Level 6.3 Conjurations


You had 5 spell levels left.
You knew the following spells:

 Your Spells              Type           Power        Failure   Level  Hunger
a - Magic Dart            Conj           ####         1%          1    None
b - Dazzling Spray        Conj/Hex       ###...       12%         3    ##.....
c - Iskenderun's Mystic   Conj           ####....     12%         4    ####...


Dungeon Overview and Level Annotations

Branches:
Dungeon (4/15)
 Temple: D:4-7

Altars:
Dithmenos
Trog
The Shining One

Shops:
D:4 }

Annotations:
D:2 Terence
D:3 Sigmund
D:4 dearth's ghost, amateur HOFi


Message History

Ye now haf 143 gold pieces (gain'd 8).
Ye now haf 154 gold pieces (gain'd 11).
Dearth's ghost (amateur Hill Orc Fighter) comes inta view.
Dearth's ghost be nearby!
Dearth's ghost turns its malevolent gaze towards ye.
Dearth's ghost misses ye.
Tha moth o' wrath's fur bristles in rage as it notices ye. 3 rats an' a worm come inta view.
Found a whip an' a dagger.
Found a bloodstain'd altar o' Trog.
A rat comes inta view.
Found a club an' a quarterstaff.
Dearth's ghost hits ye!
Dearth's ghost completely misses ye.
Dearth's ghost says, "Try na ta bleed too much."
Dearth's ghost hits ye!
* * * LOW HITPOINT WARNIN'
* * *
Found Hobiaru's Gadget Shop.
Dearth's ghost hits ye!!
Ouch! Tha re'lly hurt!
Ye die...

######## #..........#
########......# #..........#
#.............###..........#
#..........................#
..#...............#..........#
#................#.#..........#
>.........<.........#..........#
..##...........#.####..........#
. .............#@######.########
..............#.W..# #.#########
..##..........#....###..#......#
## #..........#.........#......#
.....#...##......r..#.#......#
###.#..#.###.......r..#......#
#.................#
##.........#......#
#......##.........


You could see dearth's ghost and 2 rats.

Vanquished Creatures
  A hound (D:4)
  5 adders
  3 worms (D:2)
  2 giant geckos
  8 bats
  7 giant cockroaches
  9 goblins
  7 hobgoblins
  5 jackals
  5 kobolds
  A quokka (D:2)
  4 giant newts
  3 rats (D:1)
60 creatures vanquished.

Notes
Turn   | Place    | Note
--------------------------------------------------------------
     0 | D:1      | Heedrag the Deep Elf Conjurer began the quest for the Orb.
     0 | D:1      | Reached XP level 1. HP: 10/10 MP: 6/6
   184 | D:1      | Reached XP level 2. HP: 15/15 MP: 4/8
   494 | D:1      | Reached skill level 5 in Conjurations
   804 | D:1      | Reached XP level 3. HP: 19/19 MP: 5/10
   955 | D:2      | Learned a level 3 spell: Dazzling Spray
  1370 | D:2      | Reached XP level 4. HP: 24/24 MP: 7/12
  1377 | D:2      | Found a shadowy altar of Dithmenos.
  1383 | D:2      | Learned a level 4 spell: Iskenderun's Mystic Blast
  1584 | D:2      | Noticed Terence
  1699 | D:3      | Found a glowing golden altar of the Shining One.
  1815 | D:3      | Noticed Sigmund
  1842 | D:4      | Reached skill level 6 in Conjurations
  1874 | D:4      | Reached XP level 5. HP: 22/28 MP: 2/14
  2003 | D:4      | Noticed dearth's ghost (amateur HOFi)
  2028 | D:4      | Noticed a moth of wrath
  2031 | D:4      | Found a bloodstained altar of Trog.
  2053 | D:4      | Found Hobiaru's Gadget Shop.
  2060 | D:4      | Mangled by dearth's ghost

Skill      XL: |  1  2  3  4 |
---------------+-------------+-----
Conjurations   | 5 6 |  6.3
Spellcasting   | 4 |  4.7
Dodging        | |  2.4
Stealth        | |  2.4

Action                   |  1- 3 |  4- 6 || total
-------------------------+-------+-------++-------
Melee: Unarmed           |    14 |       ||    14
       Dagger            |    10 |       ||    10
 Cast: Magic Dart        |   102 |    42 ||   144
  Eat: Chunk             |     1 |     2 ||     3
Armor: Robe              |     7 |       ||     7
Dodge: Dodged            |    21 |     5 ||    26
